[Event "*** SCC Grand Prix: Titled Tuesday Blitz"]
[Site "Chess.com"]
[Date "2020.09.29"]
[Round "8"]
[White "aNaartjieZA"]
[Black "profofchess"]
[Result "1-0"]
[WhiteElo "2511"]
[BlackElo "2363"]
[TimeControl "180+1"]
[EndTime "11:32:41 PDT"]
[Termination "aNaartjieZA won on time"]

1. e4 e6 2. d3 d5 3. Nd2 c5 4. Ngf3 Nc6 5. g3 Nf6 6. Bg2 Be7 7. O-O O-O 8. Re1 Rb8 9. e5 Nd7 10. Nf1 f6 11. exf6 Nxf6 12. c3 Bd6 13. Ng5 Re8 14. c4 d4 15. Ne4 Bf8 16. Bg5 e5 17. Nfd2 Bf5 18. Qf3 Bxe4 19. Nxe4 Be7 20.
Bxf6 gxf6 21. Qh5 Kh8 22. Bh3 Rg8 23. Bf5 Rg7 24. a3 b5 25. b3 bxc4 26. bxc4 Rb3 27. Nd2 Rb2 28. Nf3 Rb3 29. Be4 Na5 30. Nh4 Bf8 31. Ng6+ Kg8 32. Bd5+ Rf7 33. Bxf7+ Kxf7 34. Qxh7+ Bg7 35. Nh4 Qg8 36. Qg6+ Ke7 37. Nf5+ Kf8 38. Rab1 Bh8 39. Qh6+ Bg7 40. Nxg7 Qxg7 41. Qxg7+ Kxg7 42. Rxb3 Nxb3 43. Rb1 Nd2 44. Rb7+ Kg6 45. Rxa7 e4 46. dxe4 d3 47. Rd7 Nf3+ 48. Kg2 Nd4 49. Rxd4 cxd4 50. Kf1 1-0

[Event "*** SCC Grand Prix: Titled Tuesday Blitz"]
[Site "Chess.com"]
[Date "2020.09.29"]
[Round "8"]
[White "abykhovsky"]
[Black "FMJoseHerrera"]
[Result "1-0"]
[WhiteElo "2736"]
[BlackElo "2553"]
[TimeControl "180+1"]
[EndTime "11:32:42 PDT"]
[Termination "abykhovsky won by resignation"]

1. d4 Nf6 2. Nf3 c5 3. c4 g6 4.
d5 b5 5. cxb5 a6 6. b6 Bg7 7.
Nc3 O-O 8. e4 d6 9. Qb3 Bb7 10.
a4 a5 11. Nd2 Nfd7 12. Nc4 Na6 13. Nxa5 c4 14. Qb5 Nac5 15. Nxb7 Nxb7 16. Be3 Ra5 17. Qb4 Qa8 18. Bxc4 Rc8 19. O-O Ndc5 20. Bb5 Na6 21. Qa3 Nb8 22. Rfc1 h6 23. h3 Kh7 24. b4 Rxc3 25.
Rxc3 Bxc3 26. Qxc3 Na6 27. bxa5 Nac5 28. a6 Nxa6 29. a5 Nac5 30. a6 Qxa6 31. Bxa6 Nxe4 32. Qc7 Nbc5 33. Bxc5 1-0

[Event "*** SCC Grand Prix: Titled Tuesday Blitz"]
[Site "Chess.com"]
[Date "2020.09.29"]
[Round "8"]
[White "checkmatequen"]
[Black "Grandmaster2B"]
[Result "1-0"]
[WhiteElo "2315"]
[BlackElo "2385"]
[TimeControl "180+1"]
[EndTime "11:32:43 PDT"]
[Termination "checkmatequen won by checkmate"]

1. e4 c5 2. Nf3 d6 3. d4 cxd4 4.
Nxd4 Nf6 5. Nc3 a6 6. Bg5 e6 7.
f4 Be7 8. Qf3 Qc7 9. O-O-O Nbd7 10. Bd3 h6 11. Bxf6 Nxf6 12. Rhe1 g5 13. e5 dxe5 14. fxe5 Nd7 15. Nxe6 fxe6 16. Bg6+ Kd8 17. Qf7 Qc4 18. Re4 Qc6 19. Red4 Rf8 20. Qg7 g4 21. Ne4 b6 22. Kb1 Ra7 23. Nf6 Bxf6 24. Qxf8+ Kc7 25. Rxd7+ Bxd7 26. exf6 Ra8 27. Qe7 Rd8 28. f7 Qc5 29.
Qf6 Qf8 30. Be4 Kb8 31. Qe5+ Kc8 32. Rd3 Bb5 33. Rc3+ Kd7 34. Rc7# 1-0

[Event "*** SCC Grand Prix: Titled Tuesday Blitz"]
[Site "Chess.com"]
[Date "2020.09.29"]
[Round "8"]
[White "RamyresCoelho"]
[Black "chessmachine14"]
[Result "0-1"]
[WhiteElo "2018"]
[BlackElo "2284"]
[TimeControl "180+1"]
[EndTime "11:32:44 PDT"]
[Termination "chessmachine14 won by resignation"]

1. e4 c5 2. Nf3 e6 3. d4 cxd4 4.
Nxd4 Nf6 5. Nc3 d6 6. Be3 Be7 7. f3 O-O 8. Qd2 a6 9. O-O-O b5 10. g4 Nfd7 11. Bd3 Nb6 12. g5 Bb7 13. h4 N8d7 14.
h5 Ne5 15. f4 Nec4 16. Bxc4 Nxc4 17. Qf2 Nxe3 18. Qxe3 e5 19. Nf5 exf4 20. Nxe7+ Qxe7 21. Qxf4 Qe5 22. Qxe5 dxe5 23. Rd7 Bc6 24. Rd6 Rac8 25. Rhd1 f5 26. gxf6 Rxf6 27. Rxf6 gxf6 28. Nd5 Kf7 29.
b3 Ke6 30. Rf1 f5 31. Nb4 Bxe4 32. Rf2 a5 33. Na6 Bb7 34. h6 Bxa6 35. Rg2 f4 36. Rg7 f3 37. Ra7 f2 38. Rxa6+ Kf5 39. Kb2 f1=Q 40.
Ra7 Qe2 41. Rf7+ Ke6 0-1

[Event "*** SCC Grand Prix: Titled Tuesday Blitz"]
[Site "Chess.com"]
[Date "2020.09.29"]
[Round "8"]
[White "eljanov"]
[Black "ChessWarrior7197"]
[Result "0-1"]
[WhiteElo "2811"]
[BlackElo "2952"]
[TimeControl "180+1"]
[EndTime "11:32:45 PDT"]
[Termination "ChessWarrior7197 won by resignation"]

1. e4 e5 2. Nf3 Nc6 3. Bc4 Bc5 4. c3 Nf6 5. d3 a6 6. O-O d6 7. Re1 Ba7 8. a4 O-O 9. h3 Re8 10. Nbd2 Be6 11. Bxe6 Rxe6 12. b4 h6 13. Qc2 Ne7 14. Nf1 Nh5 15. Be3 Ng6 16. Bxa7 Rxa7 17. Ne3 Ngf4 18.
Kh2 Ra8 19. g3 Ng6 20. d4 Re8 21. Rad1 Qf6 22. Nd5 Qd8 23. dxe5 Nxe5 24. Nxe5 Rxe5 25. f4 Re8 26. e5 dxe5 27. fxe5 Qg5 28. Qf2 Rxe5 29.
h4 Rxe1 30. hxg5 Rxd1 31. Ne7+ Kf8 32. Ng6+ Kg8 33. Ne7+ Kf8 34. Ng6+ Kg8 35. Ne5 Rf8 36. g4 Rd5 37. Nc4 Rfd8 38. gxh5 b5 39. axb5 axb5 40. gxh6 bxc4 41. hxg7 Rd2 0-1

[Event "*** SCC Grand Prix: Titled Tuesday Blitz"]
[Site "Chess.com"]
[Date "2020.09.29"]
[Round "8"]
[White "Guenplen"]
[Black "Reader777"]
[Result "1-0"]
[WhiteElo "2876"]
[BlackElo "2662"]
[TimeControl "180+1"]
[EndTime "11:32:45 PDT"]
[Termination "Guenplen won by checkmate"]

1. d4 Nf6 2. Bf4 e6 3. e3 c5 4. c3 Nc6 5. Nd2 d5 6. Ngf3 Bd6 7. Bg3 O-O 8. Bb5 Ne7 9. Bd3 b6 10. e4 Bxg3 11. hxg3 dxe4 12. Nxe4 Ng6 13. Ne5 cxd4 14. Nxf6+ Qxf6 15. cxd4 Rd8 16. Qh5 h6 17. Be4 Rxd4 18. Bxa8 Nxe5 19. O-O Ba6 20. Rfd1 g6 21. Qh3 Nd3 22.
Bf3 Nxb2 23. Rxd4 Qxd4 24. Qxh6 Nd3 25. Rd1 Qxf2+ 26. Kh2 Qd4 27. Be2 Qe4 28. Bxd3 Bxd3 29. Qd2 Bc4 30. Qd8+ Kg7 31. Rd4 Qe2 32. Rh4 g5 33.
Qxg5+ Kf8 34. Rh8# 1-0

[Event "*** SCC Grand Prix: Titled Tuesday Blitz"]
[Site "Chess.com"]
[Date "2020.09.29"]
[Round "8"]
[White "elcandado"]
[Black "Sjakkerntobi"]
[Result "1-0"]
[WhiteElo "2574"]
[BlackElo "2428"]
[TimeControl "180+1"]
[EndTime "11:32:46 PDT"]
[Termination "elcandado won by resignation"]

1. d4 e6 2. Bf4 Nf6 3. e3 c5 4. c3 Nc6 5. Nd2 d5 6. Ngf3 Bd6 7. Bg3 O-O 8. Bd3 b6 9. e4 Nh5 10. e5 Be7 11. Ng5 Bxg5 12. Qxh5 g6 13. Qe2 cxd4 14. h4 Bh6 15. h5 dxc3 16. bxc3 Bg7 17. f4 d4 18. Bh4 Qd7 19. Ne4 dxc3 20. Nf6+ Bxf6 21. Bxf6 Nd4 22. Qg4 Nf5 23. Rh3 Ba6 24.
Qg5 Bxd3 25. g4 Qd4 26. gxf5 Qe4+ 27. Kf2 Qe2+ 28. Kg1 Qb2 29. Qh6 Qxa1+ 30. Kh2 Qxa2+ 31.
Kg3 Be4 1-0

[Event "*** SCC Grand Prix: Titled Tuesday Blitz"]
[Site "Chess.com"]
[Date "2020.09.29"]
[Round "8"]
[White "hawes33"]
[Black "PowerThinking2650"]
[Result "0-1"]
[WhiteElo "2214"]
[BlackElo "2375"]
[TimeControl "180+1"]
[EndTime "11:32:49 PDT"]
[Termination "PowerThinking2650 won by resignation"]

1. e4 e5 2. Nf3 Nc6 3. d4 exd4 4. Bc4 Nf6 5. e5 d5 6. Bb5 Ne4 7. Nxd4 Bc5 8. O-O Bd7 9. Bxc6 bxc6 10. f3 Ng5 11. f4 Ne4 12. Be3 Rb8 13. b3 Bb6 14. f5 c5 15. Ne2 d4 16. Bf2 Bxf5 17. Ng3 Nxg3 18. Bxg3 Bg6 19. e6 fxe6 20. Nd2 Qd5 21. Nc4 Rf8 22. a4 a5 23. Qe2 Rxf1+ 24. Rxf1 Kd7 25.
Ne5+ Kc8 26. Qa6+ Kd8 27. Rf8+ Be8 28. Qb5 Ke7 29. Rxe8+ Rxe8 30. Nc6+ Kf8 31. Qf1+ Kg8 32. Ne5 Rf8 33. Qe2 c4 34. bxc4 d3+ 35. Kh1 dxe2 0-1

[Event "*** SCC Grand Prix: Titled Tuesday Blitz"]
[Site "Chess.com"]
[Date "2020.09.29"]
[Round "8"]
[White "Rubinstein_Akiba"]
[Black "stefy02"]
[Result "1-0"]
[WhiteElo "2388"]
[BlackElo "2253"]
[TimeControl "180+1"]
[EndTime "11:32:49 PDT"]
[Termination "Rubinstein_Akiba won by resignation"]

1. e4 c5 2. Nf3 Nc6 3. Bb5 g6 4. O-O Bg7 5. Bxc6 bxc6 6. d3 d6 7. c3 Nf6 8. h3 O-O 9. Be3 Ba6 10. Re1 Rb8 11. Qc2 Qb6 12. b4 Nd7 13. Nbd2 Qb5 14. bxc5 Qxd3 15. Qxd3 Bxd3 16. cxd6 exd6 17. Bxa7 Rb2 18.
Bd4 Bxd4 19. cxd4 Ra8 20. a3 c5 21. dxc5 dxc5 22. Rec1 Ra4 23. e5 c4 24. Rc3 Nb6 25.
Nf1 Nd5 26. Rcc1 c3 27. Ne3 c2 28. Nxd5 Rb1 29. Ne3 Rxa3 30. Nxc2 Raxa1 31. Rxb1 Rxb1+ 32. Nce1 Be2 33. Kh2 Bxf3 34. Nxf3 Rb2 35. Kg3 Re2 36. h4 Kf8 37. Ng1 Ke7 38. Nxe2 1-0

[Event "*** SCC Grand Prix: Titled Tuesday Blitz"]
[Site "Chess.com"]
[Date "2020.09.29"]
[Round "8"]
[White "pirulillo"]
[Black "Kislov_Oleg"]
[Result "1-0"]
[WhiteElo "2237"]
[BlackElo "2328"]
[TimeControl "180+1"]
[EndTime "11:32:50 PDT"]
[Termination "pirulillo won by resignation"]

1. e4 e6 2. d3 d5 3. Qe2 dxe4 4.
dxe4 e5 5. Nf3 Nc6 6. c3 a5 7. a4 Bc5 8. Qc2 Nf6 9. Bc4 Qe7 10. O-O O-O 11. h3 Be6 12. Na3 Nh5 13. Ng5 Bxc4 14. Nxc4 f6 15. Nf3 Rad8 16. Re1 Qf7 17. b3 Rd7 18.
Nh4 Rfd8 19. Nf5 Ne7 20. Nfe3 b6 21. g3 Qg6 22. Kh2 c6 23. Nf5 Nxf5 24. exf5 Qf7 25. Be3 Qe7 26. Rad1 Bxe3 27. Nxe3 Qc5 28. Rxd7 Rxd7 29.
Rd1 Qe7 30. Rd2 Qd8 31. Rxd7 Qxd7 32. b4 axb4 33. cxb4 g6 34. fxg6 hxg6 35. Qxg6+ Ng7 36. h4 Qe7 37. h5 Kh8 38. h6 Ne6 39. Nf5 Qf8 40.
a5 bxa5 41. bxa5 Nd4 42. a6 Nxf5 43. Qxf5 Qxh6+ 44. Kg2 Qg7 45. Qc8+ Kh7 46. Qb7 1-0

[Event "*** SCC Grand Prix: Titled Tuesday Blitz"]
[Site "Chess.com"]
[Date "2020.09.29"]
[Round "8"]
[White "mamey78"]
[Black "Harry_Rakkel"]
[Result "0-1"]
[WhiteElo "2408"]
[BlackElo "2563"]
[TimeControl "180+1"]
[EndTime "11:32:51 PDT"]
[Termination "Harry_Rakkel won by resignation"]

1. e4 c5 2. Nf3 d6 3. d4 cxd4 4.
Nxd4 Nf6 5. Nc3 a6 6. Bg5 e6 7. f4 Be7 8. Qf3 Qc7 9. O-O-O Nbd7 10. g4 Rb8 11. Bg2 b5 12. e5 dxe5 13. Qc6 Qa7 14.
fxe5 Bb7 15. exf6 gxf6 16. Qxd7+ Kxd7 17. Ndxb5+ Ke8 18. Nxa7 Bxg2 19. Rhg1 Ba8 20. Be3 Rg8 21. h3 Bb4 22. Rd4 Bc5 23. Rd3 Bxe3+ 24. Rxe3 Kd7 25. Rd1+ Kc7 26. Na4 Rgd8 27. Rc3+ Kb7 28. Nc5+ Kxa7 29. Rxd8 Rxd8 30. Rd3 Rc8 31. Rd7+ Kb6 32. Nd3 Be4 33. Rxf7 Bxd3 0-1

[Event "*** SCC Grand Prix: Titled Tuesday Blitz"]
[Site "Chess.com"]
[Date "2020.09.29"]
[Round "8"]
[White "BanjoKazooieN64"]
[Black "ExcitingTrap"]
[Result "1-0"]
[WhiteElo "2487"]
[BlackElo "2299"]
[TimeControl "180+1"]
[EndTime "11:32:51 PDT"]
[Termination "BanjoKazooieN64 won by resignation"]

1. e4 e6 2. d4 d5 3. Nc3 Nf6 4. e5 Nfd7 5. f4 c5 6. Nf3 Nc6 7. Be3 Be7 8. Qd2 O-O 9. O-O-O Qa5 10. dxc5 Nxc5 11. Bxc5 Bxc5 12. Kb1 Bb4 13. Nd4 Bxc3 14. Qxc3 Qxc3 15. bxc3 Bd7 16. Kc1 Rac8 17. Kd2 f6 18. exf6 Rxf6 19. g3 e5 20. Nxc6 Bxc6 21. fxe5 Rf2+ 22. Be2 d4 23. Rhf1 dxc3+ 24. Ke3 Rxh2 25.
Bc4+ Kh8 26. e6 Re8 27. Rf7 h5 28. Rdf1 Kh7 29. Rf8 Rxc2 30. Bd3+ Kh6 31. Rxe8 Rg2 32. Rh8+ Kg5 33. e7 Rxg3+ 34. Kd4 h4 35. e8=Q Bxe8 36. Rxe8 h3 37. Re3 Kh4 38. Rxg3 Kxg3 39. Rg1+ Kf2 40. Rxg7 h2 41. Be4 c2 42. Rc7 1-0

[Event "*** SCC Grand Prix: Titled Tuesday Blitz"]
[Site "Chess.com"]
[Date "2020.09.29"]
[Round "8"]
[White "Chessbard1972"]
[Black "HouseOfDurin"]
[Result "0-1"]
[WhiteElo "2285"]
[BlackElo "2153"]
[TimeControl "180+1"]
[EndTime "11:32:52 PDT"]
[Termination "HouseOfDurin won by resignation"]

1. d4 Nf6 2. Nf3 c5 3. c4 cxd4 4. Nxd4 Nc6 5. Nc3 g6 6. g3 Bg7 7.
Bg2 O-O 8. O-O Nxd4 9. Qxd4 d6 10. Qh4 Qa5 11. Bh6 Qh5 12. Qxh5 Nxh5 13. Bxg7 Nxg7 14.
Rfd1 Be6 15. b3 Rab8 16. Nb5 a6 17. Nd4 Bd7 18. Rac1 Rfc8 19. a4 Ne6 20. Nxe6 Bxe6 21. Bd5 b5 22. Bxe6 fxe6 23. cxb5 axb5 24. a5 b4 25. Rxc8+ Rxc8 26. Ra1 Ra8 27. a6 Ra7 28.
e3 e5 29. Kf1 Kf7 30. Ke2 Ke6 31. e4 Kd7 32. Kd3 Kc6 33. Kc4 Kb6 34. Kd5 Rxa6 35.
Rxa6+ Kxa6 36. Ke6 Kb6 37. Kxe7 Kc5 38. f4 Kd4 39. f5 gxf5 40. exf5 e4 41. f6 e3 42. f7 e2 43. f8=Q e1=Q+ 44. Kd7 Qe5 45. Qf7 d5 46.
Kc6 Kc3 47. Qf3+ Kb2 48. Qd3 Qc3+ 49. Qxc3+ bxc3 50. b4 c2 51. b5 c1=Q+ 52. Kxd5 Qd2+ 53. Kc6 Qxh2 54. g4 Qg3 55. b6 Qxg4 56. b7 Qb4 57.
Kc7 h5 58. b8=Q Qxb8+ 59. Kxb8 h4 60. Kc7 h3 61. Kd6 h2 62. Ke5 h1=Q 0-1

[Event "*** SCC Grand Prix: Titled Tuesday Blitz"]
[Site "Chess.com"]
[Date "2020.09.29"]
[Round "8"]
[White "monalize"]
[Black "Nachsueb"]
[Result "1-0"]
[WhiteElo "2290"]
[BlackElo "2021"]
[TimeControl "180+1"]
[EndTime "11:32:53 PDT"]
[Termination "monalize won by resignation"]

1. e4 e6 2. d4 d5 3. exd5 exd5 4.
Bd3 Bd6 5. Qf3 Nf6 6. h3 c6 7.
Ne2 Be6 8. Nbc3 Nbd7 9. Bf4 Qc7 10. Bxd6 Qxd6 11. Qg3 Qxg3 12. Nxg3 O-O-O 13. Kd2 Nb6 14. b3 Rhe8 15. Rae1 Kc7 16. Re3 Bc8 17. Rhe1 Rxe3 18. Rxe3 Re8 19. Rxe8 Nxe8 20. Ke3 h6 21. f4 Bd7 22. f5 Nc8 23. Kf4 Ncd6 24. Nce2 Nf6 25. Ng1 b6 26. Nf3 c5 27. c3 a5 28. Ne5 Be8 29. Ng4 Nd7 30. h4 a4 31. f6 axb3 32. axb3 gxf6 33. Nxh6 c4 34. bxc4 dxc4 35. Bc2 Nf8 36.
h5 Ne6+ 37. Ke3 Ng5 38. Nhf5 Nb5 39. Kd2 Bc6 40. h6 Bxg2 41. Ne3 Nf3+ 42. Kc1 Ng5 43. Nxg2 Nxc3 44. h7 Nxh7 45. Bxh7 Kd6 46. Kc2 Nb5 47. Ne2 Kd5 48. Ne3+ Ke6 49. Nxc4 Nd6 50. Kd3 1-0

[Event "*** SCC Grand Prix: Titled Tuesday Blitz"]
[Site "Chess.com"]
[Date "2020.09.29"]
[Round "8"]
[White "Zemerovv"]
[Black "night_player"]
[Result "0-1"]
[WhiteElo "2287"]
[BlackElo "2175"]
[TimeControl "180+1"]
[EndTime "11:32:54 PDT"]
[Termination "night_player won on time"]

1. g3 e6 2. Bg2 d5 3. b3 b6 4. Bb2 Bb7 5. e3 Nf6 6. Ne2 Be7 7. d3 O-O 8. h3 c5 9. Nd2 Nbd7 10. g4 Qc7 11. Ng3 Ne8 12. g5 Bxg5 13. Nh5 Bh6 14. Qg4 f5 15. Qh4 e5 16. Rg1 Kh8 17. O-O-O d4 18.
Bxb7 Qxb7 19. Nc4 b5 20. Nxe5 Nxe5 21. Kb1 Nf3 22. Qg3 Nxg1 23. Rxg1 Qf7 24. Qf3 Rd8 25.
exd4 cxd4 26. h4 Nf6 27. Ng3 f4 28. Nf5 Qh5 29. Qxh5 Nxh5 30. Nxh6 gxh6 31. c3 Rd5 32. cxd4 Ng7 33. Re1 Kg8 34. Re7 Rf7 35. Re4 b4 36.
a3 a5 37. axb4 axb4 38. Re2 Kf8 39. Rc2 Rfd7 40. Rc4 Rb7 41. Rc8+ Kf7 42. Rh8 Kg6 43. Rg8 Kh5 44. f3 Kxh4 45. Rh8 Nf5 46. Rg8 Kh3 0-1

[Event "*** SCC Grand Prix: Titled Tuesday Blitz"]
[Site "Chess.com"]
[Date "2020.09.29"]
[Round "8"]
[White "youngKID"]
[Black "Indianlad"]
[Result "0-1"]
[WhiteElo "2774"]
[BlackElo "2937"]
[TimeControl "180+1"]
[EndTime "11:32:56 PDT"]
[Termination "Indianlad won by resignation"]

1. Nf3 d5 2. d4 Bf5 3. e3 e6 4. Bd3 Bg6 5. O-O c5 6. c4 dxc4 7. Bxc4 Nc6 8. Nc3 Nf6 9. d5 exd5 10. Nxd5 Bd6 11. b3 O-O 12. Bb2 Ne4 13. Qe2 a6 14. Rfd1 b5 15. Bd3 Bxh2+ 16. Nxh2 Qxd5 17. Rac1 Qg5 18. Nf3 Qe7 19. a4 bxa4 20. bxa4 Rfb8 21. Ba1 h5 22. Bxa6 h4 23. Bb5 Na7 24. Ne5 Nxb5 25. axb5 Qg5 26. Nd7 Rb7 27. f3 Ng3 28. Qb2 Qxe3+ 29.
Kh2 Nf5 30. Rxc5 Qf4+ 31. Kg1 Rxd7 32. Rxd7 Qe3+ 33. Kh2 Qxc5 34. Qe5 Qc1 35. b6 Rxa1 0-1

[Event "*** SCC Grand Prix: Titled Tuesday Blitz"]
[Site "Chess.com"]
[Date "2020.09.29"]
[Round "8"]
[White "TimofeevAr"]
[Black "horripile"]
[Result "0-1"]
[WhiteElo "2843"]
[BlackElo "2674"]
[TimeControl "180+1"]
[EndTime "11:32:56 PDT"]
[Termination "horripile won by resignation"]

1. e4 c5 2. Nc3 Nc6 3. Bc4 e6 4. d3 Nf6 5. Nf3 d5 6. exd5 exd5 7. Bb5 Bd6 8. Qe2+ Be6 9. Ng5 Qe7 10. Nxe6 fxe6 11. Bxc6+ bxc6 12. Bg5 O-O 13. O-O Rae8 14. Bh4 e5 15. Rae1 Qf7 16. Qf3 Qg6 17. Qg3 Qh5 18. Qg5 Qf7 19. Bg3 h6 20. Qf5 Qc7 21. Qg6 Qd7 22.
Na4 Re6 23. Qf5 Qe8 24. Qh3 Nh5 25. c4 Ref6 26. Nc3 Qf7 27. Nd1 Rf5 28. Ne3 Rg5 29. b3 Kh7 30. Ng4 Nf4 31. Bxf4 exf4 32. f3 Rh5 33. Nxh6 Rxh6 34. Qg4 Qf6 35. h3 dxc4 36. dxc4 Be5 37. Kh2 Bd4 38. Re4 Rg6 39. Qh5+ Kg8 40. Rfe1 Rg5 0-1

[Event "*** SCC Grand Prix: Titled Tuesday Blitz"]
[Site "Chess.com"]
[Date "2020.09.29"]
[Round "8"]
[White "Fandorine"]
[Black "Onischuk_V"]
[Result "1/2-1/2"]
[WhiteElo "2934"]
[BlackElo "2902"]
[TimeControl "180+1"]
[EndTime "11:32:57 PDT"]
[Termination "Game drawn by agreement"]

1. e4 d6 2. d4 Nf6 3. f3 e5 4. dxe5 dxe5 5. Qxd8+ Kxd8 6. Bc4 Ke8 7. Be3 Nbd7 8. Ne2 Bc5 9. Kf2 Ke7 10. Nd2 Bxe3+ 11.
Kxe3 Nb6 12. Bb3 Nfd7 13. Nc1 Nc5 14. Nd3 Nxd3 15. cxd3 f6 16. Rac1 c6 17. d4 exd4+ 18.
Kxd4 Rd8+ 19. Ke3 Bd7 20. Rhd1 Be8 21. Nc4 Nxc4+ 22. Bxc4 a5 23. h4 h6 24. a3 a4 25. g3 Rxd1 26. Rxd1 Ra5 27. f4 Rc5 28. Bd3 Ra5 29. g4 Bf7 30. h5 c5 31. Rc1 Kd6 32.
Rd1 Ke7 33. Rc1 b6 34. Be2 Bb3 35. Rg1 c4 36. Kd4 Rc5 37. Rg3 Rc8 38. Re3 Rd8+ 39. Kc3 b5 40. e5 Bd1 41. Kb4 Bxe2 42. Rxe2 Rd5 43. exf6+ Kxf6 44. Rf2 1/2-1/2

[Event "*** SCC Grand Prix: Titled Tuesday Blitz"]
[Site "Chess.com"]
[Date "2020.09.29"]
[Round "8"]
[White "CrazyMartian"]
[Black "AlexSuv"]
[Result "0-1"]
[WhiteElo "2333"]
[BlackElo "2508"]
[TimeControl "180+1"]
[EndTime "11:32:57 PDT"]
[Termination "AlexSuv won by resignation"]

1. d4 Nf6 2. Bf4 e6 3. e3 b6 4.
Qf3 d5 5. Nd2 Bb7 6. Bd3 Nbd7 7.
c3 Be7 8. a4 a5 9. Qh3 h6 10.
Qf3 Ba6 11. Bxa6 Rxa6 12. h4 Nf8 13. h5 Bd6 14. Ne2 N8h7 15. g4 Ra8 16. Qg3 Ng5 17. Bxd6 cxd6 18. f3 Qd7 19. O-O O-O 20. Kg2 b5 21.
Nf4 bxa4 22. Nd3 Qb5 23. Nf2 Qxb2 24. Rad1 Qxc3 25. Rfe1 Qc6 26. Nh3 Nxh3 27. Kxh3 Nh7 28. f4 f6 29. Nf3 Qe8 30. Kg2 Rb8 31. Rd2 a3 32. g5 Qxh5 33. Rh1 Qg6 34. Nh4 Qe4+ 35.
Kf2 fxg5 36. Rg1 Rf7 37. Nf3 gxf4 38. Qg4 fxe3+ 0-1

[Event "*** SCC Grand Prix: Titled Tuesday Blitz"]
[Site "Chess.com"]
[Date "2020.09.29"]
[Round "8"]
[White "NikolaGry"]
[Black "Radzio1987"]
[Result "0-1"]
[WhiteElo "2644"]
[BlackElo "2834"]
[TimeControl "180+1"]
[EndTime "11:32:58 PDT"]
[Termination "Radzio1987 won on time"]

1. e4 c5 2. Be2 Nc6 3. f4 g6 4. Nf3 Bg7 5. d3 d6 6. c3 e6 7.
O-O Nge7 8. Be3 O-O 9. Nbd2 b6 10. d4 Bb7 11. a3 Rc8 12. Qe1 Qd7 13. Rd1 cxd4 14.
cxd4 f5 15. e5 Nd5 16. Bc4 Na5 17. Ba2 Rc2 18. Rb1 Rfc8 19. Rf2 dxe5 20. fxe5 Nxe3 21. Qxe3 Bd5 22. Bxd5 Qxd5 23. h4 h6 24. h5 g5 25.
Nxg5 hxg5 26. Qxg5 Qd8 27. Qg6 Qe8 28. Nf3 Qxg6 29. hxg6 Nb3 30. Rd1 Bh6 31. Rxc2 Rxc2 32. d5 Be3+ 33. Kh2 exd5 34. Rxd5 Kg7 35. Rd6 Bf4+ 36. Kh3 Re2 37. Re6 Nc5 38. Re7+ Kxg6 39. Nh4+ Kh6 40. Nxf5+ Kg5 0-1

[Event "*** SCC Grand Prix: Titled Tuesday Blitz"]
[Site "Chess.com"]
[Date "2020.09.29"]
[Round "8"]
[White "A-Fier"]
[Black "deribas12345"]
[Result "0-1"]
[WhiteElo "2822"]
[BlackElo "2639"]
[TimeControl "180+1"]
[EndTime "11:32:58 PDT"]
[Termination "deribas12345 won on time"]

1. e4 e6 2. Nf3 d5 3. e5 c5 4. b4 b6 5. a3 f5 6. exf6 Nxf6 7. Bb2 cxb4 8. axb4 Bxb4 9. Bd3 Nbd7 10. O-O Nc5 11. Be2 Nce4 12. d3 Nd6 13. Ra4 Ba5 14.
Rh4 Nf5 15. Rh3 O-O 16. Ne5 d4 17. g4 Ne7 18. f4 Nfd5 19. Bc1 Bb7 20. Bf3 Rc8 21. Be4 g6 22. f5 exf5 23. gxf5 Ne3 24. Bxe3 Bxe4 25. dxe4 dxe3 26. Qe2 Qd4 27. Ng4 Rxc2 28.
Qxe3 Qxe3+ 29. Nxe3 Re2 30. f6 Nc6 31. Na3 Bb4 32.
Nac4 Bc5 33. Kh1 b5 34. e5 bxc4 35. e6 Rxe3 0-1

[Event "*** SCC Grand Prix: Titled Tuesday Blitz"]
[Site "Chess.com"]
[Date "2020.09.29"]
[Round "8"]
[White "Oligan22"]
[Black "Witik"]
[Result "0-1"]
[WhiteElo "2428"]
[BlackElo "2677"]
[TimeControl "180+1"]
[EndTime "11:32:58 PDT"]
[Termination "Witik won by resignation"]

1. e4 c6 2. d4 d5 3. e5 Bf5 4. h4 Qb6 5. g4 Bd7 6. c3 h5 7. f3 hxg4 8. fxg4 Nh6 9. Be2 e6 10.
Nh3 c5 11. Na3 cxd4 12. cxd4 Bb4+ 13. Kf2 Nc6 14. Be3 O-O-O 15. Nc2 Be7 16. Nf4 Kb8 17. a3 Bc8 18. b4 f6 19. b5 fxe5 20. bxc6 exf4 21. Bxf4+ Ka8 22. cxb7+ Bxb7 23. Rb1 Qc6 24. Nb4 Bxb4 25. Rxb4 Rdf8 26. Kg3 Rxf4 27. Kxf4 Qd6+ 28.
Ke3 Qg3+ 29. Kd2 Rc8 30. Qb3 Qf4+ 31. Kd3 Ba6+ 32. Rb5 Qe4+ 33. Kd2 Bxb5 34. Bxb5 Qxh1 35. Ba6 Qg2+ 36. Kd1 Qg1+ 37. Kd2 Qf2+ 38. Kd1 Qxd4+ 39. Ke1 Rc1+ 40. Ke2 Qxg4+ 41. Kd2 Qf4+ 42. Ke2 Qf1+ 43. Kd2 Qe1+ 44. Kd3 Rd1+ 45. Kc2 0-1

[Event "*** SCC Grand Prix: Titled Tuesday Blitz"]
[Site "Chess.com"]
[Date "2020.09.29"]
[Round "8"]
[White "Chuchofrio1"]
[Black "Korchmar_Vasiliy"]
[Result "0-1"]
[WhiteElo "2402"]
[BlackElo "2558"]
[TimeControl "180+1"]
[EndTime "11:32:58 PDT"]
[Termination "Korchmar_Vasiliy won on time"]

1. d4 Nf6 2. c4 g6 3. Nc3 d5 4. cxd5 Nxd5 5. e4 Nxc3 6. bxc3 Bg7 7. Bg5 O-O 8. Nf3 c5 9. Rc1 Bg4 10. d5 h6 11. Bf4 e6 12. Bc4 b5 13. Bxb5 Qa5 14. Qb3 exd5 15. exd5 Nd7 16. Bxd7 Bxd7 17. O-O c4 18. Qb4 Qxd5 19. Rcd1 Qf5 20. Bd6 Rfe8 21. Nd4 Qd5 22. Nf3 Qh5 23. Rfe1 Bg4 24. Qb7 Bxf3 25.
Qxf3 Qxf3 26. gxf3 Bxc3 27. Re4 Rxe4 28. fxe4 Bb2 29.
Rd2 c3 30. Rc2 Rd8 31. e5 f6 32. Kf1 fxe5 33. Bxe5 Rd2 34. Rxd2 cxd2 0-1

[Event "*** SCC Grand Prix: Titled Tuesday Blitz"]
[Site "Chess.com"]
[Date "2020.09.29"]
[Round "8"]
[White "midedu"]
[Black "Julianos82"]
[Result "1-0"]
[WhiteElo "2142"]
[BlackElo "2283"]
[TimeControl "180+1"]
[EndTime "11:32:58 PDT"]
[Termination "midedu won by resignation"]

1. e4 c5 2. Nc3 a6 3. g3 b5 4.
Bg2 Bb7 5. Nge2 b4 6. Nd5 e6 7. Ne3 Nc6 8. O-O Nf6 9. c3 d5 10.
exd5 Nxd5 11. Nxd5 exd5 12. Nf4 Be7 13. Nxd5 O-O 14. Re1 Bd6 15. d3 a5 16. Qh5 Ra7 17.
Bg5 f6 18. Bf4 Ne5 19. Rad1 Ng6 20. Bxd6 Qxd6 21. c4 a4 22. Qe2 a3 23. b3 Bxd5 24. Bxd5+ Kh8 25. Qe6 Qxe6 26. Rxe6 Ne7 27. Bg2 Nf5 28.
Rc6 Nd4 29. Rxc5 Ne2+ 30. Kf1 Nc3 31. Rd2 Re8 32. Bc6 Re5 33. d4 Rxc5 34. dxc5 g6 35. Bb5 Re7 36. c6 Kg7 37. Kg2 f5 38. h4 Kf6 39.
Kf3 Ke6 40. Ba6 h6 41. Bc8+ Kf6 42. Bd7 g5 43. hxg5+ hxg5 44. c7 g4+ 45. Kg2 Rxd7 46. Rxd7 1-0

[Event "*** SCC Grand Prix: Titled Tuesday Blitz"]
[Site "Chess.com"]
[Date "2020.09.29"]
[Round "8"]
[White "Rodalquilar"]
[Black "Grieve72"]
[Result "0-1"]
[WhiteElo "2758"]
[BlackElo "2487"]
[TimeControl "180+1"]
[EndTime "11:33:01 PDT"]
[Termination "Grieve72 won on time"]

1. d4 d5 2. Bf4 Nf6 3. e3 e6 4. Nf3 Bd6 5. Bg3 O-O 6. c4 c5 7.
Nc3 dxc4 8. Bxc4 a6 9. dxc5 Bxc5 10. Qc2 b5 11. Bd3 Bb7 12. O-O Nc6 13. a3 h6 14.
Rfd1 Qe7 15. b4 Bxb4 16. axb4 Nxb4 17. Qe2 Rfd8 18. Nd4 Rac8 19. Rac1 Nxd3 20. Rxd3 b4 21. Na2 Rxc1+ 22. Nxc1 a5 23. Nb5 Rxd3 24. Nxd3 Ba6 25.
Nc7 Bxd3 26. Qxd3 Qc5 27. h3 a4 28. Qd8+ Kh7 29. Qd3+ Kg8 30. Qd8+ Kh7 31. Bd6 Qc1+ 32.
Kh2 b3 33. Qe7 b2 34. Qxf7 b1=Q 35. Nxe6 Qg1+ 36. Kg3 Qg6+ 37. Qxg6+ Kxg6 38. Nf4+ Kf7 39. Nd3 Ne4+ 0-1